[Event "Early-Titled-Tuesday-Blitz-February-13-2024"]
[Site "Chess.com"]
[Date "2024.02.13"]
[Round "10"]
[White "Cheer_Down"]
[Black "rachidhuilda"]
[Result "1-0"]
[WhiteElo "2491"]
[BlackElo "2317"]
[TimeControl "180+1"]
[EndTime "9:56:37 PST"]
[Termination "Cheer_Down won by resignation"]

1. e4 c6 2. d4 d5 3. e5 Bf5 4. h4 h5 5. Bd3 Bxd3 6. Qxd3 e6 7.
Bg5 Qa5+ 8. Nd2 Qa6 9. c4 Bb4 10. b3 Ne7 11. Ne2 Nd7 12. O-O Nf5 13. Ng3 Bxd2 14.
Nxf5 exf5 15. Bxd2 g6 16. e6 fxe6 17. Qg3 Nf8 18.
cxd5 cxd5 19. Rac1 Rd8 20. Bb4 Kf7 21. Rc7+ Rd7 22.
Bxf8 Rxc7 23. Qxc7+ Kxf8 24. Rc1 Rg8 25. Qh7 b6 26.
Rc7 1-0

[Event "Early-Titled-Tuesday-Blitz-February-13-2024"]
[Site "Chess.com"]
[Date "2024.02.13"]
[Round "10"]
[White "carloseduar100"]
[Black "campochess"]
[Result "1/2-1/2"]
[WhiteElo "2338"]
[BlackElo "2150"]
[TimeControl "180+1"]
[EndTime "9:56:37 PST"]
[Termination "Game drawn by agreement"]

1. g3 c6 2. Bg2 d5 3. e3 e5 4. d3 f5 5. c3 Nf6 6. b3 g6 7.
Bb2 Bg7 8. Ne2 Nbd7 9. Nd2 O-O 10. O-O a5 11. a3 Re8 12. f3 Nf8 13. h4 Kh8 14. c4 b5 15. cxb5 cxb5 16. d4 e4 17.
fxe4 Nxe4 18. Nxe4 fxe4 19. Rc1 Bg4 20. Qd2 Qd7 21. Nf4 Ne6 22. Nxe6 Qxe6 23. Rc7 Re7 24. Rfc1 Rae8 25. Qxa5 Bh6 26. Qd2 Qd6 27. Rxe7 Rxe7 28. Qf2 Kg7 29. Kh2 Rf7 30. Qd2 Bf3 31. a4 bxa4 32.
bxa4 Bxg2 33. Qxg2 Rf3 34. a5 Bxe3 1/2-1/2

[Event "Early-Titled-Tuesday-Blitz-February-13-2024"]
[Site "Chess.com"]
[Date "2024.02.13"]
[Round "10"]
[White "Alexander_Donchenko"]
[Black "blitzking1729"]
[Result "1-0"]
[WhiteElo "2925"]
[BlackElo "2725"]
[TimeControl "180+1"]
[EndTime "9:56:41 PST"]
[Termination "Alexander_Donchenko won by resignation"]

1. Nc3 Nf6 2. e4 d5 3. exd5 Nxd5 4. Bc4 c6 5. Nge2 g6 6. d4 Bg7 7. Bg5 O-O 8. Qd2 Be6 9. Bb3 a5 10. Bxd5 Bxd5 11. f3 Be6 12. h4 h5 13. O-O-O Nd7 14. Nf4 Bf5 15. g4 hxg4 16. fxg4 Bxg4 17. Rdg1 e5 18.
Bxd8 Raxd8 19. Rxg4 exf4 20. h5 Nf6 21. Rxf4 Nxh5 22.
Rxh5 gxh5 23. Qg2 Rd6 24. Rf5 Rg6 25. Qf2 Re8 26. Rxh5 Bh6+ 27. Rxh6 Rxh6 28. b3 Kg7 29. Qf5 b6 30. Ne4 Rg6 31. d5 cxd5 32. Qxd5 Rge6 33. Qd4+ Kg6 34. Nd6 R8e7 35. Qg4+ Kh7 36. Nf5 1-0

[Event "Early-Titled-Tuesday-Blitz-February-13-2024"]
[Site "Chess.com"]
[Date "2024.02.13"]
[Round "10"]
[White "Felix-Rose"]
[Black "Canal_Showdrez"]
[Result "1-0"]
[WhiteElo "2234"]
[BlackElo "2080"]
[TimeControl "180+1"]
[EndTime "9:56:53 PST"]
[Termination "Felix-Rose won on time"]

1. e4 c5 2. Nf3 Nc6 3. d4 cxd4 4. Nxd4 Nf6 5. Nc3 e5 6. Ndb5 d6 7. Bg5 a6 8. Na3 b5 9. Nd5 Be7 10. Bxf6 gxf6 11. Bd3 Be6 12. c4 b4 13. Nc2 a5 14.
Nce3 Qb8 15. O-O Nd4 16. Qh5 Kd7 17. Qh6 Qd8 18. f4 Rb8 19. Nxe7 Qxe7 20. f5 Bxf5 21. Nxf5 Nxf5 22. Rxf5 1-0

[Event "Early-Titled-Tuesday-Blitz-February-13-2024"]
[Site "Chess.com"]
[Date "2024.02.13"]
[Round "10"]
[White "PavelShkapenko"]
[Black "GasconJR"]
[Result "1-0"]
[WhiteElo "2757"]
[BlackElo "2576"]
[TimeControl "180+1"]
[EndTime "9:56:54 PST"]
[Termination "PavelShkapenko won by resignation"]

1. e4 c5 2. c3 Nf6 3. e5 Nd5 4. d4 cxd4 5. cxd4 d6 6. Nf3 Nc6 7. Bc4 dxe5 8. Nxe5 Nxe5 9. dxe5 e6 10. O-O Be7 11. Qg4 g6 12. Bh6 Qc7 13. Qe4 Bd7 14.
Rc1 Bc6 15. Bb5 Rc8 16. Bxc6+ bxc6 17. Nd2 Nb6 18. Rc2 Qd8 19. Rxc6 Rxc6 20. Qxc6+ Qd7 21. Qe4 g5 22. Nf3 Rg8 23. Qxh7 1-0

[Event "Early-Titled-Tuesday-Blitz-February-13-2024"]
[Site "Chess.com"]
[Date "2024.02.13"]
[Round "10"]
[White "banhgiahuy2606"]
[Black "AttilaTurzo"]
[Result "1-0"]
[WhiteElo "2679"]
[BlackElo "2481"]
[TimeControl "180+1"]
[EndTime "9:57:11 PST"]
[Termination "banhgiahuy2606 won by resignation"]

1. c4 Nf6 2. Nf3 e6 3. g3 d5 4.
Bg2 Be7 5. O-O O-O 6. b3 c6 7.
Bb2 Nbd7 8. d4 b6 9. Nc3 Ba6 10.
Nd2 Rc8 11. e4 Bb7 12. cxd5 cxd5 13. e5 Ne8 14. f4 Ba6 15. Rf2 Bd3 16. Nf3 Bg6 17.
g4 f5 18. exf6 Nexf6 19. Ng5 Rc6 20. Qe2 Bf7 21. Nxf7 Rxf7 22. g5 Ne8 23. f5 Nc7 24. fxe6 Rxe6 25. Qc2 Rxf2 26. Qxf2 Nf8 27. Rf1 Bxg5 28.
Qf7+ Kh8 29. Qxf8+ 1-0

[Event "Early-Titled-Tuesday-Blitz-February-13-2024"]
[Site "Chess.com"]
[Date "2024.02.13"]
[Round "10"]
[White "treadstone_71"]
[Black "cukricek"]
[Result "1-0"]
[WhiteElo "2331"]
[BlackElo "2464"]
[TimeControl "180+1"]
[EndTime "9:57:14 PST"]
[Termination "treadstone_71 won by resignation"]

1. e4 c5 2. Nf3 g6 3. d4 cxd4 4. Qxd4 Nf6 5. Nc3 Nc6 6. Qa4 d6 7. e5 dxe5 8. Nxe5 Bd7 9. Nxd7 Nxd7 10. Bb5 Bg7 11. Be3 O-O 12. O-O-O Qc8 13. h4 Nb6 14. Qf4 Ne5 15. h5 Nbc4 16. Bd4 Qf5 17. Qxf5 gxf5 18. h6 Bf6 19. Nd5 Rac8 20. f4 Ng4 21. Bxf6 Nxf6 22. Nxe7+ Kh8 23. Nxc8 Rxc8 24. Bxc4 1-0

[Event "Early-Titled-Tuesday-Blitz-February-13-2024"]
[Site "Chess.com"]
[Date "2024.02.13"]
[Round "10"]
[White "BlueWizzard"]
[Black "Agibileg"]
[Result "1-0"]
[WhiteElo "2878"]
[BlackElo "2720"]
[TimeControl "180+1"]
[EndTime "9:57:15 PST"]
[Termination "BlueWizzard won by resignation"]

1. d4 Nf6 2. Nc3 d5 3. Nf3 e6 4. Bg5 Be7 5. Bxf6 Bxf6 6. e4 O-O 7. Qd3 c5 8. e5 Be7 9. h4 cxd4 10. Ng5 g6 11.
Ne2 Nc6 12. f4 Nb4 13. Qd2 Qc7 14. Nxd4 Bc5 15. Ngf3 f6 16. c3 fxe5 17. fxe5 Bxd4 18. Nxd4 Qxe5+ 19. Be2 Qg3+ 20. Kd1 Qxg2 21. Re1 Nc6 22. h5 e5 23. Nf3 d4 24. Bc4+ 1-0

[Event "Early-Titled-Tuesday-Blitz-February-13-2024"]
[Site "Chess.com"]
[Date "2024.02.13"]
[Round "10"]
[White "GelmanAlexander"]
[Black "Bilan_Danila"]
[Result "1-0"]
[WhiteElo "2760"]
[BlackElo "2554"]
[TimeControl "180+1"]
[EndTime "9:57:17 PST"]
[Termination "GelmanAlexander won on time"]

1. d4 d5 2. Nc3 Nf6 3. Bf4 c6 4. f3 g6 5. e4 Bg7 6. Qd2 O-O 7. e5 Nfd7 8. h4 f6 9. exf6 Nxf6 10. g4 Re8 11. O-O-O e6 12. h5 gxh5 13. g5 Nfd7 14. Rxh5 e5 15. dxe5 Nxe5 16. Bd3 Ng6 17. Rxh7 Kxh7 18.
Qh2+ Kg8 19. Bxg6 Be6 20. Bd6 Re7 21. Nge2 1-0

[Event "Early-Titled-Tuesday-Blitz-February-13-2024"]
[Site "Chess.com"]
[Date "2024.02.13"]
[Round "10"]
[White "GrumbleBruno"]
[Black "FMCarmona"]
[Result "1-0"]
[WhiteElo "2468"]
[BlackElo "2273"]
[TimeControl "180+1"]
[EndTime "9:57:18 PST"]
[Termination "GrumbleBruno won by resignation"]

1. e4 e5 2. Nf3 Nc6 3. Bb5 a6 4.
Ba4 Nf6 5. d4 exd4 6. O-O Be7 7.
e5 Ne4 8. Nxd4 Nc5 9. Nf5 O-O 10.
Qg4 g6 11. Bh6 Nxa4 12. Nxe7+ Qxe7 13. Bxf8 Qxf8 14. Qxa4 Nxe5 15. Re1 d6 16. Qd4 Bf5 17. Qd2 Qg7 18. Na3 Qf6 19. c3 Nd3 20. Re3 Nf4 21.
Rg3 Re8 22. Qxf4 1-0

[Event "Early-Titled-Tuesday-Blitz-February-13-2024"]
[Site "Chess.com"]
[Date "2024.02.13"]
[Round "10"]
[White "MKlose11"]
[Black "ural58"]
[Result "1-0"]
[WhiteElo "2649"]
[BlackElo "2516"]
[TimeControl "180+1"]
[EndTime "9:57:20 PST"]
[Termination "MKlose11 won by resignation"]

1. e4 d5 2. exd5 Qxd5 3. Nc3 Qa5 4. d4 Nf6 5. Bd3 Nc6 6. Ne2 Bg4 7. f3 Bf5 8. Be3 O-O-O 9. a3 e5 10. Bxf5+ Kb8 11. b4 Qb6 12. Na4 Qb5 13. Nec3 Qc4 14. Bd3 Qe6 15. d5 Nxd5 16. Nxd5 Rxd5 17. O-O f5 18. Qe2 Qf6 19. Bc4 Nd4 20. Bxd4 Rxd4 21. c3 Rh4 22. g3 Rh6 23. Rad1 Bd6 24. Nc5 Bxc5+ 25. bxc5 Qe7 26. Qe3 f4 27. gxf4 Qh4 28. Rf2 Rf8 29. Rg2 a6 30. Qxe5 Rxf4 31. Bd5 Rf8 32. Rb1 1-0

[Event "Early-Titled-Tuesday-Blitz-February-13-2024"]
[Site "Chess.com"]
[Date "2024.02.13"]
[Round "10"]
[White "FMStan15"]
[Black "JaackCamel"]
[Result "1-0"]
[WhiteElo "2046"]
[BlackElo "2191"]
[TimeControl "180+1"]
[EndTime "9:57:20 PST"]
[Termination "FMStan15 won on time"]

1. e4 e6 2. d4 d5 3. e5 c5 4. c3 Nc6 5. Nf3 Qb6 6. Bd3 cxd4 7. cxd4 Bd7 8. Be2 Nh6 9. Nc3 Nf5 10. Na4 Bb4+ 11. Kf1 Qa5 12. a3 Be7 13. b4 Qc7 14. Nc5 O-O 15. Nxd7 Qxd7 16. Bb2 h6 17. Bd3 Bd8 18.
Rc1 Nce7 19. Bb1 g6 20. Qd2 Kh7 21. g4 Ng7 22. Rc3 Rc8 23. Bc1 Ng8 24. h4 Rxc3 25.
Qxc3 Qc6 26. Qd2 Qc4+ 27. Bd3 Qb3 28. h5 a5 29. hxg6+ fxg6 30. Rxh6+ Nxh6 31. Qxh6+ Kg8 32. Bxg6 Rxf3 33. Qh7+ Kf8 34. Qh8+ Ke7 35. Qxg7+ 1-0

[Event "Early-Titled-Tuesday-Blitz-February-13-2024"]
[Site "Chess.com"]
[Date "2024.02.13"]
[Round "10"]
[White "VinzentSpitzl"]
[Black "saraswathii"]
[Result "1-0"]
[WhiteElo "2508"]
[BlackElo "2370"]
[TimeControl "180+1"]
[EndTime "9:57:21 PST"]
[Termination "VinzentSpitzl won by resignation"]

1. e4 c5 2. Nf3 e6 3. d4 cxd4 4. Nxd4 Nf6 5. Nc3 Nc6 6. Be2 Bb4 7. Nxc6 bxc6 8. e5 Nd5 9. O-O Nxc3 10. bxc3 Bxc3 11. Ba3 Qa5 12. Qd6 Qd8 13. Rab1 Ba5 14. f4 Bc7 15. Qd2 a5 16. f5 Bxe5 17. fxe6 dxe6 18.
Qxd8+ Kxd8 19. Rxf7 Bf6 20. Bf3 Ra6 21. Rd1+ Ke8 22. Rc7 1-0

[Event "Early-Titled-Tuesday-Blitz-February-13-2024"]
[Site "Chess.com"]
[Date "2024.02.13"]
[Round "10"]
[White "only_strong_moves"]
[Black "MyDream003"]
[Result "0-1"]
[WhiteElo "2676"]
[BlackElo "2727"]
[TimeControl "180+1"]
[EndTime "9:57:24 PST"]
[Termination "MyDream003 won by resignation"]

1. e4 c6 2. d4 d5 3. Nc3 dxe4 4.
Nxe4 Nf6 5. Nxf6+ exf6 6. Nf3 Bd6 7. Be2 O-O 8. Be3 Bf5 9. O-O Re8 10. c4 Nd7 11. Rc1 Be4 12. Qb3 Rb8 13. Nd2 Bg6 14. c5 Bc7 15. Rfe1 Nf8 16. Bc4 Ne6 17. d5 cxd5 18.
Bxd5 Nf4 19. Bc4 Nd3 20. Bxd3 Bxd3 21. Nc4 Be4 22. Nd6 Bxd6 23. cxd6 Qxd6 24. Bxa7 Ra8 25.
Bc5 Qd7 26. Rcd1 Qf5 27. Qa3 Rxa3 0-1

[Event "Early-Titled-Tuesday-Blitz-February-13-2024"]
[Site "Chess.com"]
[Date "2024.02.13"]
[Round "10"]
[White "AlmasRakhmatullaev"]
[Black "wqws"]
[Result "1-0"]
[WhiteElo "2859"]
[BlackElo "2662"]
[TimeControl "180+1"]
[EndTime "9:57:31 PST"]
[Termination "AlmasRakhmatullaev won by resignation"]

1. e4 e5 2. Nf3 Nc6 3. Bc4 Nf6 4.
Ng5 d5 5. exd5 Na5 6. Bb5+ c6 7. dxc6 bxc6 8. Bd3 Be7 9. O-O O-O 10. Nc3 h6 11.
Nf3 Bd6 12. h3 Nb7 13. Re1 Nc5 14. Nxe5 Bxe5 15. Rxe5 Nxd3 16. cxd3 Qxd3 17. Re3 Qg6 18. d4 Bf5 19. Rg3 Qh7 20. Bf4 Ne4 21. Nxe4 Bxe4 22. Be5 f6 23. Bf4 Rad8 24. Rc1 Kh8 25. Qa4 Qf5 26. Qxa7 Rg8 27. Be3 h5 28. a4 g5 29. Rc5 Qg6 30. h4 Bd5 31. hxg5 fxg5 32. Rxg5 Qb1+ 33. Rc1 1-0

[Event "Early-Titled-Tuesday-Blitz-February-13-2024"]
[Site "Chess.com"]
[Date "2024.02.13"]
[Round "10"]
[White "AryanTari"]
[Black "bulletteemo"]
[Result "1-0"]
[WhiteElo "2940"]
[BlackElo "2612"]
[TimeControl "180+1"]
[EndTime "9:57:33 PST"]
[Termination "AryanTari won on time"]

1. e4 c5 2. Nc3 Nc6 3. f4 g6 4. Nf3 Bg7 5. Bb5 e6 6. Bxc6 bxc6 7. d3 Ne7 8. O-O Rb8 9. Qe1 O-O 10. b3 d6 11. e5 Nd5 12. Ne4 Nb4 13. Qf2 dxe5 14. fxe5 Ba6 15. Bg5 Qc7 16. Nf6+ Bxf6 17. Bxf6 Nd5 18. Qh4 h5 19. g4 Nxf6 20. Qxf6 Qd8 21. gxh5 Qxf6 22. exf6 Rbd8 23. hxg6 fxg6 24. Ne5 Rd5 25.
Rae1 Kh7 26. Rf3 Bc8 27. Rh3+ Kg8 28. Nxg6 Rg5+ 29. Rg3 Rxg3+ 30. hxg3 1-0

[Event "Early-Titled-Tuesday-Blitz-February-13-2024"]
[Site "Chess.com"]
[Date "2024.02.13"]
[Round "10"]
[White "Yeritsyaan"]
[Black "Bugcrusher"]
[Result "1-0"]
[WhiteElo "2616"]
[BlackElo "2462"]
[TimeControl "180+1"]
[EndTime "9:57:34 PST"]
[Termination "Yeritsyaan won on time"]

1. c4 b6 2. e4 Bb7 3. Nc3 e6 4. d3 Bb4 5. Nf3 c5 6. Be2 Ne7 7. O-O Bxc3 8. bxc3 O-O 9. a4 a5 10. Qc2 d6 11. Nd2 e5 12. f4 f5 13. exf5 Nxf5 14.
Ne4 exf4 15. Bxf4 d5 16. cxd5 Bxd5 17. Bf3 Nc6 18. Rae1 Nh4 19. Bg5 Nxf3+ 20. Rxf3 Qd7 21. Rg3 Bxe4 22. Rxe4 Rae8 23. Qe2 Rxe4 24. Qxe4 Re8 25.
Qc4+ Qe6 26. Bh6 Qxc4 27. Rxg7+ 1-0

[Event "Early-Titled-Tuesday-Blitz-February-13-2024"]
[Site "Chess.com"]
[Date "2024.02.13"]
[Round "10"]
[White "HansOnTwitch"]
[Black "FREDERICKtheMATE"]
[Result "1/2-1/2"]
[WhiteElo "3153"]
[BlackElo "2715"]
[TimeControl "180+1"]
[EndTime "9:57:35 PST"]
[Termination "Game drawn by repetition"]

1. d4 d5 2. Nc3 c6 3. Bf4 Bf5 4. f3 Nf6 5. g4 Bg6 6. h4 h6 7. e3 e6 8. Bd3 Bxd3 9. Qxd3 Nbd7 10. Nge2 b5 11. O-O-O Nb6 12. e4 b4 13. Nb1 a5 14. g5 Nfd7 15. gxh6 gxh6 16. Nd2 a4 17. Kb1 Qc8 18. Rhg1 Qa6 19. Nc1 Nc4 20. exd5 cxd5 21. Nxc4 Qxc4 22. Qxc4 dxc4 23. d5 e5 24. Bxe5 Nxe5 25.
Rge1 f6 26. f4 Bd6 27. fxe5 Bxe5 28. Re4 Rc8 29. Ne2 Kd7 30. Nd4 Bxd4 31. Rdxd4 Rhe8 32. Kc1 Rxe4 33. Rxe4 Kd6 34. Re6+ Kxd5 35. Rxf6 Rg8 36.
Rxh6 Rg1+ 37. Kd2 Rg2+ 38. Kd1 Rg1+ 39. Kd2 Rg2+ 40. Kd1 Rg1+ 41. Kd2 1/2-1/2

[Event "Early-Titled-Tuesday-Blitz-February-13-2024"]
[Site "Chess.com"]
[Date "2024.02.13"]
[Round "10"]
[White "maicolbenavides"]
[Black "BallottiLuca"]
[Result "0-1"]
[WhiteElo "2502"]
[BlackElo "2399"]
[TimeControl "180+1"]
[EndTime "9:57:35 PST"]
[Termination "BallottiLuca won by resignation"]

1. e4 c5 2. Nf3 d6 3. d4 cxd4 4. Nxd4 Nf6 5. Nc3 a6 6. h3 e5 7. Nde2 h5 8. g3 Be6 9. Bg2 b5 10. O-O Nbd7 11. Be3 Be7 12. f4 Rc8 13. f5 Bc4 14. a4 b4 15. Nd5 Nxd5 16. exd5 Bg5 17.
Bf2 a5 18. Re1 h4 19. gxh4 Bxh4 20. Ng3 Bxg3 21. Bxg3 Qg5 22. Qf3 Nf6 23. Rad1 Bxd5 24. Rxd5 Nxd5 25. Bxe5 dxe5 26. Rxe5+ Ne7 27. Qb7 O-O 0-1

[Event "Early-Titled-Tuesday-Blitz-February-13-2024"]
[Site "Chess.com"]
[Date "2024.02.13"]
[Round "10"]
[White "dosto07"]
[Black "SimonKnightRivendell"]
[Result "1-0"]
[WhiteElo "2539"]
[BlackElo "2090"]
[TimeControl "180+1"]
[EndTime "9:57:36 PST"]
[Termination "dosto07 won by resignation"]

1. e4 d6 2. d4 g6 3. Nc3 Nf6 4. Nf3 Bg7 5. Be2 O-O 6. O-O c6 7. a4 Nbd7 8. h3 e5 9. dxe5 dxe5 10. Be3 Qe7 11. Qc1 Rd8 12. Rd1 b6 13. Bc4 Bb7 14. Qb1 Nf8 15. Ng5 Ne6 16. Nxe6 fxe6 17. Qa2 Kf7 18. f3 Ne8 19. Ne2 Nd6 20. Bb3 c5 21.
c3 a5 22. Rd2 Ba6 23. Rad1 c4 24. Bc2 Rab8 25. Qa3 Qc7 26. Bg5 1-0

[Event "Early-Titled-Tuesday-Blitz-February-13-2024"]
[Site "Chess.com"]
[Date "2024.02.13"]
[Round "10"]
[White "TigrVShlyape"]
[Black "PabloZarnicki"]
[Result "1-0"]
[WhiteElo "2856"]
[BlackElo "2640"]
[TimeControl "180+1"]
[EndTime "9:57:38 PST"]
[Termination "TigrVShlyape won by resignation"]

1. e4 e6 2. d4 d5 3. exd5 exd5 4.
Nf3 Nf6 5. Bd3 Bd6 6. Qe2+ Qe7 7. Qxe7+ Kxe7 8. O-O Re8 9. Bg5 Nd7 10. Nc3 c6 11. Rfe1+ Kf8 12. Rxe8+ Kxe8 13. Re1+ Kf8 14. Ne2 h6 15.
Bf4 Bxf4 16. Nxf4 g5 17. Ne2 Kg7 18. h4 g4 19. Nh2 Nf8 20. c3 Bd7 21. Nf4 Re8 22.
Rxe8 Bxe8 23. g3 Bd7 24. Kf1 Ne6 25. Nxe6+ Bxe6 26. Ke2 Ne8 27. Ke3 Kf6 28. Kf4 h5 29.
f3 gxf3 30. Nxf3 Ng7 31. Ne5 Bc8 32. Be2 Ne6+ 33. Ke3 Ng7 34. b4 Bf5 35. a4 Bc8 36. a5 a6 37. Nd3 Nf5+ 38. Kf4 Ng7 39. Nc5 Kg6 40. Ke5 Nf5 41. Bd3 f6+ 42. Kf4 1-0

[Event "Early-Titled-Tuesday-Blitz-February-13-2024"]
[Site "Chess.com"]
[Date "2024.02.13"]
[Round "10"]
[White "dianamirza"]
[Black "szefru"]
[Result "0-1"]
[WhiteElo "1962"]
[BlackElo "2248"]
[TimeControl "180+1"]
[EndTime "9:57:39 PST"]
[Termination "szefru won by resignation"]

1. d4 Nf6 2. Nf3 g6 3. c4 Bg7 4.
Nc3 O-O 5. e4 d6 6. h3 e5 7. d5 Nbd7 8. Be3 a5 9. Qd2 Nc5 10.
Bd3 Re8 11. g4 Bd7 12. O-O-O a4 13. Bxc5 dxc5 14. Rdg1 a3 15. b3 c6 16. g5 Nh5 17.
Nh2 Nf4 18. Ng4 Qxg5 19. h4 Nxd3+ 20. Kc2 Qxd2+ 21. Kxd2 Bxg4 22. Kxd3 h5 23. Na4 cxd5 24. cxd5 c4+ 25. Kxc4 Bf3 26. Rh3 Bxe4 27. Nc5 Rec8 28.
Kb4 Bxd5 29. Rd3 Bc6 30. Rgd1 Bf8 0-1

[Event "Early-Titled-Tuesday-Blitz-February-13-2024"]
[Site "Chess.com"]
[Date "2024.02.13"]
[Round "10"]
[White "chipmunknau"]
[Black "temus_galaktionov"]
[Result "0-1"]
[WhiteElo "2723"]
[BlackElo "2891"]
[TimeControl "180+1"]
[EndTime "9:57:40 PST"]
[Termination "temus_galaktionov won on time"]

1. Nf3 c6 2. g3 d6 3. Bg2 g6 4. d4 Bg7 5. O-O Nd7 6. e4 Ngf6 7. Nbd2 O-O 8. a4 e5 9. c3 Qc7 10. Re1 Re8 11. dxe5 Nxe5 12. Nxe5 dxe5 13. Nc4 Rd8 14.
Qe2 Be6 15. f3 Nd7 16. Be3 f5 17. a5 b5 18. axb6 axb6 19. b4 b5 20. Na5 fxe4 21. fxe4 Nb6 22. Qf2 Na4 23. Qc2 c5 24. Rac1 c4 25.
Bf3 Rd3 26. Qe2 Nxc3 27. Qf2 Rf8 28. Bb6 Qd7 29. Re3 Nxe4 30. Qg2 Bh3 31. Qe2 Ng5 32.
Bc6 Qf5 0-1

[Event "Early-Titled-Tuesday-Blitz-February-13-2024"]
[Site "Chess.com"]
[Date "2024.02.13"]
[Round "10"]
[White "SharapovEvgeny"]
[Black "CarlosjPineror"]
[Result "1-0"]
[WhiteElo "2569"]
[BlackElo "2693"]
[TimeControl "180+1"]
[EndTime "9:57:40 PST"]
[Termination "SharapovEvgeny won by resignation"]

1. e4 c5 2. Nf3 e6 3. c4 a6 4. Nc3 Qc7 5. Be2 Nf6 6. O-O Nc6 7. Re1 Ng4 8. g3 h5 9. d4 cxd4 10. Nxd4 Nxf2 11. Nxe6 dxe6 12. Kxf2 h4 13. Bf4 hxg3+ 14.
hxg3 Qb6+ 15. Kg2 e5 16. Nd5 Bh3+ 17. Kf3 Nd4+ 18. Kf2 Qxb2 19. Nc7+ Kd7 20. Bxe5 Bc5 21. Rb1 Qc3 22. Rb3 Kc8 23. Rxc3 Nxe2+ 24. Kxe2 Re8 25. Nxe8 Bg4+ 26. Rf3 1-0

[Event "Early-Titled-Tuesday-Blitz-February-13-2024"]
[Site "Chess.com"]
[Date "2024.02.13"]
[Round "10"]
[White "ilqar_74"]
[Black "LuisFSiles"]
[Result "1-0"]
[WhiteElo "2790"]
[BlackElo "2292"]
[TimeControl "180+1"]
[EndTime "9:57:41 PST"]
[Termination "ilqar_74 won on time"]

1. e4 c5 2. Nf3 Nc6 3. d4 cxd4 4. Nxd4 Nf6 5. Nc3 e5 6. Nf5 d5 7. Bg5 Bxf5 8. exf5 d4 9. Bxf6 Qxf6 10. Nd5 Qd8 11.
c4 Qa5+ 12. Qd2 Bb4 13. Nxb4 Qxb4 14. Bd3 Kd7 15. Qxb4 Nxb4 16. Be4 Rac8 17. a3 Nc6 18. b4 Ne7 19. Rc1 b6 20. Kd2 f6 21. Kd3 g6 22. g4 gxf5 23. gxf5 Rcg8 24. c5 Rg5 25. Rc2 Nxf5 26. Rhc1 b5 27. a4 Rb8 28. Ra1 Ne7 29.
axb5 Rxb5 30. Rxa7+ Ke6 31. Kc4 Rb8 32. b5 f5 33. Bb7 Nc8 34. Bxc8+ Rxc8 35. b6 e4 36. Kxd4 Rd8+ 37. Kc4 e3 38. fxe3 Rg4+ 39. Kb5 1-0

[Event "Early-Titled-Tuesday-Blitz-February-13-2024"]
[Site "Chess.com"]
[Date "2024.02.13"]
[Round "10"]
[White "guillembaches"]
[Black "fabianvivasz"]
[Result "0-1"]
[WhiteElo "2530"]
[BlackElo "2374"]
[TimeControl "180+1"]
[EndTime "9:57:41 PST"]
[Termination "fabianvivasz won by checkmate"]

1. d4 d5 2. Nf3 Nf6 3. Bg5 Ne4 4.
Bh4 f6 5. Nbd2 g5 6. Bg3 h5 7. h4 Nxg3 8. fxg3 Qd6 9. Kf2 g4 10. Ng1 Bh6 11. e3 e5 12. c3 c5 13. Nb3 c4 14.
Nd2 exd4 15. cxd4 Bxe3+ 16. Kxe3 Qxg3+ 17. Ndf3 Kf7 18. Kd2 Qf4+ 19. Kc3 Qe3+ 20. Kb4 Na6+ 21. Ka4 Bd7+ 22. Ka5 Qe7 23. Qe2 Qb4# 0-1

[Event "Early-Titled-Tuesday-Blitz-February-13-2024"]
[Site "Chess.com"]
[Date "2024.02.13"]
[Round "10"]
[White "vishwa_vijeta"]
[Black "KaterynaLagno"]
[Result "0-1"]
[WhiteElo "2623"]
[BlackElo "2803"]
[TimeControl "180+1"]
[EndTime "9:57:43 PST"]
[Termination "KaterynaLagno won by resignation"]

1. e4 e5 2. Nf3 Nc6 3. d4 exd4 4.
Bc4 Nf6 5. Ng5 d5 6. exd5 Na5 7. Qxd4 Nxc4 8. Qxc4 Qxd5 9. Qe2+ Be7 10. O-O h6 11.
Re1 Qd8 12. Nf3 Be6 13. Qb5+ Qd7 14. Qb6 axb6 15. Nc3 O-O 16. Ne5 Qd6 17. Bf4 Qc5 18. Nd3 Qc4 19. Ne5 Qxf4 20. Nd3 Qc4 21. Re2 Rfd8 22.
Ree1 Bb4 23. Ne5 Qc5 24. Nd3 Qa5 25. Re5 c5 26. a3 Bxc3 27. bxc3 Qxc3 28. Rf1 Rxa3 29.
Rfe1 Qxc2 30. R5e3 Raxd3 0-1

[Event "Early-Titled-Tuesday-Blitz-February-13-2024"]
[Site "Chess.com"]
[Date "2024.02.13"]
[Round "10"]
[White "bylavochka"]
[Black "UnTucopalaTimba"]
[Result "1/2-1/2"]
[WhiteElo "2309"]
[BlackElo "1999"]
[TimeControl "180+1"]
[EndTime "9:57:44 PST"]
[Termination "Game drawn by repetition"]

1. e4 c6 2. d4 d5 3. exd5 cxd5 4. Nf3 Nf6 5. Be2 Nc6 6. O-O Bf5 7. c3 e6 8. Nbd2 Bd6 9. Re1 O-O 10. Nf1 a6 11. Ng3 Bg6 12. Nh4 Bxg3 13. hxg3 e5 14. Nxg6 hxg6 15.
dxe5 Nxe5 16. Bxa6 Neg4 17. Be2 Ne5 18. Bf4 Nc6 19. Bg5 Qb6 20. Bxf6 gxf6 21. Qxd5 Qxb2 22. Qb3 Qd2 23. Bf3 Ne5 24. Bd5 Rac8 25. Re3 Nd3 26. Rf3 Rxc3 27. Qxb7 Rc1+ 28. Rxc1 Qxc1+ 29. Kh2 Qh6+ 30.
Kg1 Qc1+ 31. Kh2 Qh6+ 32. Kg1 Qc1+ 1/2-1/2

[Event "Early-Titled-Tuesday-Blitz-February-13-2024"]
[Site "Chess.com"]
[Date "2024.02.13"]
[Round "10"]
[White "Oleksandr_Bortnyk"]
[Black "MaxLeto"]
[Result "1-0"]
[WhiteElo "3043"]
[BlackElo "2550"]
[TimeControl "180+1"]
[EndTime "9:57:45 PST"]
[Termination "Oleksandr_Bortnyk won on time"]

1. f3 d5 2. c3 e5 3. g3 c5 4. Nh3 Nc6 5. Nf2 Be6 6. d3 h5 7. h4 Qd7 8. e4 Bd6 9. Qe2 Nge7 10. Bh3 O-O-O 11. Bxe6 Qxe6 12. Na3 f5 13. Bg5 Rdf8 14. O-O-O fxe4 15. fxe4 d4 16. c4 Rf7 17. Nc2 Rhf8 18. Nh3 Qg4 19. Qg2 Ng8 20. a3 Rf3 21.
Rhg1 Nf6 22. Ne1 Re3 23. Bxe3 dxe3 24. Nc2 e2 25. Rde1 Nd4 26. Nxd4 exd4 27. Nf2 Qd7 28. Rxe2 Qa4 29. e5 Re8 30. Rge1 1-0

[Event "Early-Titled-Tuesday-Blitz-February-13-2024"]
[Site "Chess.com"]
[Date "2024.02.13"]
[Round "10"]
[White "DAVIDHDZSTS"]
[Black "Vigg-Sama"]
[Result "1-0"]
[WhiteElo "1924"]
[BlackElo "2227"]
[TimeControl "180+1"]
[EndTime "9:57:45 PST"]
[Termination "DAVIDHDZSTS won by resignation"]

1. d4 Nf6 2. Nc3 d5 3. Bf4 c5 4. e4 dxe4 5. dxc5 Qxd1+ 6. Rxd1 Bd7 7. a3 Nc6 8. b4 a6 9. Nge2 e5 10. Be3 Be7 11. Ng3 Ng4 12. Ncxe4 Nxe3 13. fxe3 Bg4 14. Be2 Bxe2 15. Kxe2 Rd8 16. Nf5 Rxd1 17. Rxd1 a5 18.
c3 Nd8 19. Nxg7+ Kf8 20. Nf5 Rg8 21. g3 h5 22. Rd7 Nc6 23. Rxb7 h4 24. Rc7 axb4 25. Rxc6 bxa3 26. Rc8+ 1-0

[Event "Early-Titled-Tuesday-Blitz-February-13-2024"]
[Site "Chess.com"]
[Date "2024.02.13"]
[Round "10"]
[White "Cambek64"]
[Black "nj123456"]
[Result "1-0"]
[WhiteElo "2503"]
[BlackElo "2269"]
[TimeControl "180+1"]
[EndTime "9:57:47 PST"]
[Termination "Cambek64 won by resignation"]

1. e4 c6 2. d4 d5 3. e5 Bf5 4.
Be3 e6 5. Nd2 Nd7 6. Nb3 Ne7 7. f4 h5 8. Nf3 Bg4 9. Bd3 Nf5 10. Bf2 Be7 11. O-O h4 12. h3 Bxf3 13.
Qxf3 g6 14. c4 Qb6 15. c5 Qc7 16. Rfc1 O-O-O 17. a4 Kb8 18. a5 a6 19. Nd2 Rdg8 20.
b4 Nf8 21. Nf1 Qd8 22. Nh2 Qc7 23. Ng4 Bd8 24. Kf1 g5 25. fxg5 Rxg5 26. Ke2 Ng6 27. Rf1 Rg8 28. Kd2 Nge7 29. Kc3 Qd7 30. g3 hxg3 31.
Bxg3 Nc8 32. Bf4 R5g7 33. Nf6 Bxf6 34. exf6+ 1-0